[Event "ICC tourney 2354 (60 10)"]
[Site "Internet Chess Club"]
[Date "2021.01.31"]
[Round "6"]
[White "JulianLoshak"]
[Black "mricaud"]
[Result "0-1"]
[ICCResult "White resigns"]
[WhiteElo "1101"]
[BlackElo "1291"]
[Opening "Petrov: Nimzovich attack"]
[ECO "C42"]
[NIC "RG.03"]
[Time "16:00:10"]
[PlyCount "120"]
[TimeControl "3600+10"]

1. e4 e5 2. Nf3 Nf6 3. Nxe5 d6 4. Nf3 Nxe4 5. Nc3 Nf6 6. Bc4 d5 7. Bb5+ c6
8. Be2 Bf5 9. O-O Be7 10. d3 Nbd7 11. Be3 O-O 12. Qd2 Qc7 13. d4 Ng4 14.
Bf4 Qb6 15. Bd3 Bxd3 16. Qxd3 Qxb2 17. Rab1 Qa3 18. Rxb7 Ngf6 19. Re1 Rfe8
20. Bg5 h6 21. Bxf6 Nxf6 22. g3 Bb4 23. Rb1 Bxc3 24. R1b3 Qc1+ 25. Kg2 Ba5
26. Rb1 Qxb1 27. Rxb1 Ne4 28. Qa6 Bb6 29. Qa4 Nc3 30. Qb3 Nxb1 31. Qxb1 Re4
32. c3 Rae8 33. Ne5 Re6 34. a4 f6 35. Nd7 Bd8 36. Qb8 Re8 37. Qxa7 R4e7 38.
f4 Rf7 39. f5 Ree7 40. Nxf6+ Rxf6 41. Qa8 Re8 42. a5 Kf8 43. Qb7 Bxa5 44.
Qb3 Rxf5 45. Qa3+ Kg8 46. Qxa5 g5 47. Qc5 Re6 48. c4 g4 49. Qb6 Ref6 50.
Qd8+ Rf8 51. Qxf8+ Rxf8 52. c5 h5 53. Kg1 Rf3 54. h3 Kf7 55. hxg4 hxg4 56.
Kg2 Kf6 57. Kg1 Kf5 58. Kg2 Ke4 59. Kh2 Kxd4 60. Kg2 Kxc5 { White resigns }
0-1

[Event "ICC tourney 2354 (60 10)"]
[Site "Internet Chess Club"]
[Date "2021.01.31"]
[Round "6"]
[White "ABGame"]
[Black "RaiChess"]
[Result "1-0"]
[ICCResult "Black checkmated"]
[WhiteElo "1285"]
[BlackElo "984"]
[Opening "Giuoco Piano"]
[ECO "C50"]
[NIC "IG.02"]
[Time "16:01:02"]
[PlyCount "101"]
[TimeControl "3600+10"]

1. e4 e5 2. Nf3 Nc6 3. Bc4 Bc5 4. O-O Nf6 5. d3 O-O 6. c3 h6 7. b4 Be7 8.
b5 Na5 9. Nxe5 d6 10. Qa4 c6 11. Nf3 Nxc4 12. Qxc4 Be6 13. Qa4 Bd7 14. bxc6
Bxc6 15. Qd1 Qd7 16. Ba3 Rac8 17. Nbd2 Ba4 18. Qc1 Qc6 19. c4 Rfe8 20. Nd4
Qb6 21. Nf5 Qc7 22. e5 dxe5 23. Nxe7+ Rxe7 24. Bxe7 Qxe7 25. Re1 Rd8 26.
Nf3 Rxd3 27. Nxe5 Rd6 28. Qa3 Bc2 29. Nxf7 Qxf7 30. Qxd6 Ne4 31. Qd8+ Kh7
32. Re2 Ba4 33. Rxe4 Qf5 34. Ree1 Qd7 35. Qxd7 Bxd7 36. Re7 Bc6 37. Rc7 Kg6
38. Rxc6+ bxc6 39. Rd1 Kf5 40. Rd6 Ke5 41. Rxc6 Kd4 42. Rc8 Kd3 43. c5 Kc2
44. c6 Kb2 45. Ra8 Kxa2 46. Rxa7+ Kb1 47. Rd7 Kc1 48. c7 Kb1 49. c8=Q Ka2
50. Rb7 Ka1 51. Qa8# { Black checkmated } 1-0

[Event "ICC tourney 2354 (60 10)"]
[Site "Internet Chess Club"]
[Date "2021.01.31"]
[Round "6"]
[White "JediJames"]
[Black "TweensGambit"]
[Result "0-1"]
[ICCResult "White checkmated"]
[WhiteElo "885"]
[BlackElo "1383"]
[Opening "QGD Slav: 4.e3 Bf5"]
[ECO "D12"]
[NIC "QP.08"]
[Time "16:00:12"]
[PlyCount "144"]
[TimeControl "3600+10"]

1. d4 d5 2. Nf3 Nf6 3. e3 Bf5 4. c4 c6 5. Be2 e6 6. O-O Be7 7. Nc3 O-O 8.
b3 Nbd7 9. Bb2 Qc7 10. Re1 e5 11. dxe5 Nxe5 12. Nxe5 Qxe5 13. Na4 Qe6 14.
Bd3 Rad8 15. Qd2 Bxd3 16. Qxd3 dxc4 17. Qxc4 Qxc4 18. bxc4 Bb4 19. Red1 Ne4
20. h3 Nd6 21. c5 Nc4 22. Bc3 Bxc3 23. Nxc3 Rfe8 24. Rxd8 Rxd8 25. Rb1 b6
26. cxb6 axb6 27. a4 h6 28. a5 bxa5 29. Ne4 Ra8 30. Rc1 Ne5 31. Nc5 a4 32.
Ra1 a3 33. Nb3 Nd3 34. Nc1 Nb4 35. Kh2 c5 36. Kg3 c4 37. Kf4 Nc6 38. Ke4 f6
39. Kd5 Ne5 40. f4 Nd3 41. Kxc4 Nxc1 42. Rxc1 Rc8+ 43. Kb3 Rxc1 44. Kxa3
Rc3+ 45. Kb2 Rxe3 46. Kc2 Re2+ 47. Kd3 Rxg2 48. Ke3 Rg3+ 49. Kf2 Rxh3 50.
Kg2 Rh5 51. Kg3 Rd5 52. Kg4 Kf7 53. f5 g6 54. fxg6+ Kxg6 55. Kh4 Rd4+ 56.
Kg3 f5 57. Kf3 Kg5 58. Kg3 Rd3+ 59. Kf2 f4 60. Kg2 Kg4 61. Kf2 Rg3 62. Ke2
h5 63. Kf2 h4 64. Ke2 h3 65. Kf2 h2 66. Ke2 h1=Q 67. Kf2 Qf3+ 68. Ke1 Rg1+
69. Kd2 Rd1+ 70. Kc2 Qd3+ 71. Kb2 Rb1+ 72. Ka2 Qb3# { White checkmated }
0-1

[Event "ICC tourney 2354 (60 10)"]
[Site "Internet Chess Club"]
[Date "2021.01.31"]
[Round "6"]
[White "MYMChessWyatt"]
[Black "DarrenReiss"]
[Result "0-1"]
[ICCResult "White checkmated"]
[WhiteElo "1289"]
[BlackElo "1537"]
[Opening "Sicilian: Najdorf, Opocensky variation"]
[ECO "B92"]
[NIC "SI.11"]
[Time "16:00:09"]
[PlyCount "114"]
[TimeControl "3600+10"]

1. e4 c5 2. Nf3 d6 3. d4 cxd4 4. Nxd4 Nf6 5. Nc3 a6 6. Be2 e5 7. Nb3 Be7 8.
Be3 Be6 9. Qd2 Nbd7 10. O-O-O O-O 11. Kb1 b5 12. f3 Nb6 13. Na5 Qc7 14. g4
d5 15. Bxb6 Qxb6 16. Nxd5 Nxd5 17. exd5 Rfd8 18. Nc6 Qxc6 19. dxc6 Rxd2 20.
Rxd2 Rc8 21. Rhd1 f6 22. Bd3 Rxc6 23. Bf5 Bxf5 24. gxf5 Kf7 25. Rd7 Ke8 26.
Ra7 g6 27. Rdd7 Bc5 28. Rxh7 Bxa7 29. Rxa7 gxf5 30. h4 e4 31. fxe4 fxe4 32.
c3 e3 33. Kc2 Rd6 34. Ra8+ Ke7 35. Ra7+ Ke6 36. Ra8 Kf5 37. Re8 Kf4 38. h5
f5 39. h6 Rxh6 40. Kd3 Rd6+ 41. Ke2 Rd2+ 42. Ke1 Kf3 43. Rf8 f4 44. Rh8 Rg2
45. Rh3+ Rg3 46. Rh1 e2 47. b3 Kg2 48. Rh4 f3 49. Rf4 Kh3 50. Kf2 Rg2+ 51.
Kxf3 e1=Q 52. Rg4 Qe2+ 53. Kf4 Rxg4+ 54. Kf5 Qe4+ 55. Kf6 Rg6+ 56. Kf7 Qe6+
57. Kf8 Rg8# { White checkmated } 0-1

[Event "ICC tourney 2354 (60 10)"]
[Site "Internet Chess Club"]
[Date "2021.01.31"]
[Round "6"]
[White "SAHY-Gabe"]
[Black "NathanBolk"]
[Result "1-0"]
[ICCResult "Black resigns"]
[WhiteElo "1423"]
[BlackElo "1167"]
[Opening "English opening"]
[ECO "A17"]
[NIC "EO.64"]
[Time "16:01:02"]
[PlyCount "119"]
[TimeControl "3600+10"]

1. c4 e6 2. Nc3 Nf6 3. g3 d5 4. cxd5 exd5 5. e3 c5 6. d4 cxd4 7. exd4 Nc6
8. Bg2 Qe7+ 9. Nge2 Be6 10. O-O Qc7 11. a4 Bb4 12. Re1 O-O 13. Bf4 Qb6 14.
Be5 Ng4 15. h3 Ngxe5 16. dxe5 Bxc3 17. bxc3 Nxe5 18. Nf4 Ng6 19. Nxg6 hxg6
20. h4 Rad8 21. Bf3 Qc5 22. Kg2 a5 23. Rh1 Qxc3 24. Be2 Qb4 25. Bd3 Qg4 26.
Be2 Qe4+ 27. Bf3 Qf5 28. Bg4 Qxg4 29. Qxg4 Bxg4 30. f3 Be6 31. Rab1 Rb8 32.
Rb5 Rfd8 33. Rxa5 Ra8 34. Rb5 Rdb8 35. a5 Ra7 36. Ra1 Ra6 37. g4 b6 38. Kg3
Rxa5 39. Raxa5 bxa5 40. Rxb8+ Kh7 41. Ra8 d4 42. Rxa5 d3 43. Ra1 Bb3 44.
Kf2 d2 45. Ke2 d1=Q+ 46. Rxd1 Bxd1+ 47. Kxd1 Kh6 48. Ke2 g5 49. hxg5+ Kxg5
50. Kf2 Kf4 51. Kg2 g5 52. Kf2 f6 53. Ke2 Kg3 54. Ke3 Kh4 55. Kd4 Kh3 56.
Kd5 Kg3 57. Ke4 Kh4 58. Kf5 Kg3 59. Kxf6 Kxf3 60. Kxg5 { Black resigns }
1-0

[Event "ICC tourney 2354 (60 10)"]
[Site "Internet Chess Club"]
[Date "2021.01.31"]
[Round "6"]
[White "JackOliver"]
[Black "Fundog4"]
[Result "1/2-1/2"]
[ICCResult "Game drawn by mutual agreement"]
[WhiteElo "1461"]
[BlackElo "1150"]
[Opening "Queen's pawn"]
[ECO "A40"]
[NIC "QO.17"]
[Time "16:00:16"]
[PlyCount "48"]
[TimeControl "3600+10"]

1. d4 e6 2. Bf4 d5 3. Nf3 Nf6 4. e3 c5 5. c3 Nc6 6. Bd3 Be7 7. O-O O-O 8.
Nbd2 Bd7 9. e4 c4 10. Bc2 Qb6 11. Rb1 a5 12. e5 Ne8 13. a3 g6 14. Bh6 Ng7
15. h3 Qd8 16. Bxg7 Kxg7 17. Nh2 b5 18. Nhf3 a4 19. g3 Na5 20. Kg2 Nb3 21.
Bxb3 axb3 22. Qe2 Bc6 23. h4 h6 24. Rh1 h5 { Game drawn by mutual agreement
} 1/2-1/2

[Event "ICC tourney 2354 (60 10)"]
[Site "Internet Chess Club"]
[Date "2021.01.31"]
[Round "6"]
[White "VickyV2011"]
[Black "CH246"]
[Result "0-1"]
[ICCResult "White checkmated"]
[WhiteElo "1056"]
[BlackElo "1288"]
[Opening "Queen's pawn game"]
[ECO "D02"]
[NIC "QP.08"]
[Time "16:00:28"]
[PlyCount "120"]
[TimeControl "3600+10"]

1. d4 d5 2. Nf3 Bf5 3. Bf4 Nf6 4. e3 Nbd7 5. c3 e6 6. Bd3 Bg6 7. Qe2 c5 8.
Nbd2 Be7 9. O-O O-O 10. Bxg6 fxg6 11. h3 Nh5 12. Be5 Nxe5 13. Nxe5 Bd6 14.
Ndf3 Nf6 15. Rfe1 c4 16. b3 b5 17. a4 a6 18. b4 Ne4 19. Qc2 Bxe5 20. dxe5
Qe7 21. Rf1 Rf5 22. axb5 Raf8 23. Nh2 axb5 24. Ng4 Qh4 25. f3 h5 26. fxe4
Rxf1+ 27. Rxf1 Rxf1+ 28. Kxf1 hxg4 29. hxg4 Qxg4 30. exd5 exd5 31. Qe2
Qxe2+ 32. Kxe2 Kf7 33. Kf3 Ke6 34. Kf4 g5+ 35. Kxg5 Kxe5 36. Kg6 Ke4 37. g4
Kd3 38. Kxg7 Kxc3 39. Kf6 Kd2 40. g5 c3 41. g6 c2 42. g7 c1=Q 43. g8=Q Qa1+
44. Ke6 Qa6+ 45. Ke5 Qa1+ 46. Kd6 Qf6+ 47. Qe6 Qd8+ 48. Qd7 Qxd7+ 49. Kxd7
Kxe3 50. Kd6 d4 51. Kc5 d3 52. Kxb5 d2 53. Ka5 d1=Q 54. b5 Qd5 55. Ka6 Kd4
56. Ka7 Qxb5 57. Ka8 Qb1 58. Ka7 Kc5 59. Ka8 Kc6 60. Ka7 Qb7# { White
checkmated } 0-1

[Event "ICC tourney 2354 (60 10)"]
[Site "Internet Chess Club"]
[Date "2021.01.31"]
[Round "6"]
[White "predatorx"]
[Black "Smartypants915"]
[Result "1-0"]
[ICCResult "Black checkmated"]
[WhiteElo "1815"]
[BlackElo "1505"]
[Opening "King's Indian defense, 3.Nc3"]
[ECO "E61"]
[NIC "KI.80"]
[Time "16:00:41"]
[PlyCount "133"]
[TimeControl "3600+10"]

1. d4 Nf6 2. c4 g6 3. Nc3 Bg7 4. Bg5 h6 5. Bh4 g5 6. Bg3 d6 7. e3 Nbd7 8.
Nf3 Nh5 9. Be2 Ndf6 10. Qc2 Nxg3 11. hxg3 Bd7 12. O-O O-O 13. Rfd1 Qc8 14.
Rac1 Bf5 15. e4 Bg6 16. b4 Nd7 17. Qd2 e5 18. Nd5 Qd8 19. Nc3 Bf6 20. g4
Bg7 21. d5 Nf6 22. Qc2 Nxg4 23. c5 Nf6 24. c6 bxc6 25. dxc6 Nh5 26. g3 f5
27. Bc4+ Kh8 28. Bd3 Qc8 29. exf5 Bxf5 30. Nd5 Bxd3 31. Qxd3 Qd8 32. Qg6
Nf6 33. Ne3 Qe8 34. Qxe8 Raxe8 35. Nf5 Ng4 36. Nxg7 Kxg7 37. Rc3 e4 38. Nd4
Nxf2 39. Rf1 e3 40. Ne2 Ng4 41. Ra3 Rf2 42. Re1 Re7 43. Nd4 Kf6 44. Raxe3
Rxe3 45. Rxe3 Rxa2 46. Re6+ Kf7 47. Re4 Nf6 48. Re3 Nd5 49. Rf3+ Kg6 50. b5
a6 51. Rb3 a5 52. Ne6 Kf6 53. Nxc7 Nxc7 54. b6 Na6 55. Rc3 Re2 56. c7 Re8
57. c8=Q Rxc8 58. Rxc8 d5 59. b7 d4 60. Rc6+ Ke5 61. Rxa6 d3 62. b8=Q+ Ke4
63. Re6+ Kf3 64. Qb7+ Kg4 65. Re4+ Kh3 66. Qd7+ Kxg3 67. Qg4# { Black
checkmated } 1-0

[Event "ICC tourney 2354 (60 10)"]
[Site "Internet Chess Club"]
[Date "2021.01.31"]
[Round "6"]
[White "GeorgeBugayev"]
[Black "Boyan0619"]
[Result "1-0"]
[ICCResult "Black resigns"]
[WhiteElo "1786"]
[BlackElo "1412"]
[Opening "Sicilian: Alapin's variation (2.c3)"]
[ECO "B22"]
[NIC "SI.46"]
[Time "16:00:30"]
[PlyCount "103"]
[TimeControl "3600+10"]

1. e4 c5 2. c3 d5 3. exd5 Qxd5 4. d4 cxd4 5. cxd4 Nc6 6. Nf3 Bg4 7. Be2 Nf6
8. Nc3 Qd7 9. Be3 e6 10. h3 Bh5 11. Ne5 Bxe2 12. Qxe2 Nxe5 13. dxe5 Nd5 14.
Nxd5 exd5 15. O-O Be7 16. Rfd1 O-O 17. Qd3 Rfd8 18. Rac1 b6 19. Rc2 Rac8
20. Rxc8 Qxc8 21. Qb5 Bc5 22. Rc1 d4 23. Bg5 Qd7 24. Qd3 Be7 25. Bxe7 Qxe7
26. f4 Qh4 27. Qe4 d3 28. Rd1 d2 29. Qe3 g5 30. Rxd2 Rxd2 31. Qxd2 Qxf4 32.
Qxf4 gxf4 33. Kf2 Kg7 34. Kf3 Kg6 35. Kxf4 f6 36. exf6 Kxf6 37. b4 Ke6 38.
Ke4 Kd6 39. Kd4 Ke6 40. g4 h6 41. h4 Kf6 42. Kd5 a5 43. b5 Ke7 44. Kc6 Ke6
45. Kxb6 Ke5 46. Kxa5 Kf4 47. b6 Kxg4 48. b7 Kxh4 49. b8=Q Kg4 50. Qh2 h5
51. Kb6 h4 52. a4 { Black resigns } 1-0

[Event "ICC tourney 2354 (60 10)"]
[Site "Internet Chess Club"]
[Date "2021.01.31"]
[Round "6"]
[White "coolhacker1234"]
[Black "Heliosis"]
[Result "0-1"]
[ICCResult "White checkmated"]
[WhiteElo "1739"]
[BlackElo "1913"]
[Opening "Nimzo-Indian: Kmoch variation"]
[ECO "E20"]
[NIC "NI.30"]
[Time "16:00:14"]
[PlyCount "56"]
[TimeControl "3600+10"]

1. d4 Nf6 2. c4 e6 3. Nc3 Bb4 4. f3 c5 5. d5 O-O 6. e4 d6 7. Bd3 b5 8. Bd2
exd5 9. cxd5 c4 10. Bc2 Qb6 11. Qe2 Re8 12. O-O-O Bb7 13. Nh3 Nbd7 14. Nf4
Rac8 15. g4 Bxc3 16. Bxc3 b4 17. Bd4 Qa5 18. g5 Nxd5 19. Nxd5 Bxd5 20. Bxg7
Kxg7 21. Qd2 Be6 22. Rhg1 c3 23. Qxd6 cxb2+ 24. Kd2 b3+ 25. Ke3 bxc2 26. g6
c1=Q+ 27. Kf2 Rc2+ 28. Kg3 Qag5# { White checkmated } 0-1

[Event "ICC tourney 2354 (60 10)"]
[Site "Internet Chess Club"]
[Date "2021.01.31"]
[Round "6"]
[White "CoolBoy2020"]
[Black "ickyquarter"]
[Result "1/2-1/2"]
[ICCResult "Game drawn by mutual agreement"]
[WhiteElo "2197"]
[BlackElo "2077"]
[Opening "Sicilian: dragon, Yugoslav attack, 10.O-O-O"]
[ECO "B78"]
[NIC "SI.18"]
[Time "16:00:13"]
[PlyCount "72"]
[TimeControl "3600+10"]

1. e4 c5 2. Nf3 d6 3. d4 cxd4 4. Nxd4 Nf6 5. Nc3 g6 6. Bc4 Bg7 7. f3 O-O 8.
Be3 Nc6 9. Qd2 Bd7 10. O-O-O Rc8 11. Bb3 Ne5 12. h4 h5 13. Kb1 a6 14. Nd5
Nxd5 15. Bxd5 e6 16. Bb3 a5 17. a4 Qe8 18. Qxa5 Ra8 19. Qb4 Bxa4 20. Rhg1
Bxb3 21. Nxb3 Qa4 22. Qxa4 Rxa4 23. Bd4 Nc4 24. Bxg7 Kxg7 25. c3 Ra6 26.
Rd4 Rc8 27. Nd2 Nxd2+ 28. Rxd2 Kf8 29. Rgd1 Ke7 30. Rd4 Rcc6 31. Rb4 Rcb6
32. Rdd4 Kd7 33. Rxb6 Rxb6 34. Kc2 Kc7 35. Rc4+ Kd7 36. Rd4 Rb5 { Game
drawn by mutual agreement } 1/2-1/2

[Event "ICC tourney 2354 (60 10)"]
[Site "Internet Chess Club"]
[Date "2021.01.31"]
[Round "6"]
[White "EkstromVT2"]
[Black "GlibNest"]
[Result "0-1"]
[ICCResult "White checkmated"]
[WhiteElo "864"]
[BlackElo "1498"]
[Opening "Dutch with c4 & Nc3"]
[ECO "A85"]
[NIC "HD.05"]
[Time "16:00:07"]
[PlyCount "108"]
[TimeControl "3600+10"]

1. d4 f5 2. c4 Nf6 3. Nc3 g6 4. Nf3 Bg7 5. Bf4 O-O 6. e3 d6 7. Be2 c6 8.
O-O Qe8 9. Qb3 Kh8 10. Rad1 Nbd7 11. h3 e5 12. Bh2 h6 13. dxe5 dxe5 14. Nd2
g5 15. f4 g4 16. hxg4 fxg4 17. g3 h5 18. Nde4 Nxe4 19. Nxe4 exf4 20. Nd6
Qe6 21. Rxf4 Rxf4 22. gxf4 Nc5 23. Qc2 Qxe3+ 24. Kh1 Qe6 25. f5 Qe7 26.
Nxc8 Rxc8 27. Bd6 Qe4+ 28. Qxe4 Nxe4 29. Kg2 Bxb2 30. Bf4 Nc3 31. Be5+ Kg8
32. Bxc3 Bxc3 33. Rd3 Bf6 34. Rd7 Rb8 35. c5 Bb2 36. Bc4+ Kh8 37. Bf7 h4
38. Bh5 h3+ 39. Kh1 g3 40. Bg4 g2+ 41. Kh2 Be5+ 42. Kg1 Rg8 43. Bxh3 Bh2+
44. Kf2 g1=Q+ 45. Ke2 Re8+ 46. Kd3 Qd1+ 47. Kc4 Qxd7 48. f6 Qxh3 49. f7
Qe6+ 50. Kb4 Qxf7 51. a4 Re4+ 52. Ka5 Rxa4+ 53. Kxa4 Qc4+ 54. Ka5 Qb5# {
White checkmated } 0-1

[Event "ICC tourney 2354 (60 10)"]
[Site "Internet Chess Club"]
[Date "2021.01.31"]
[Round "6"]
[White "BSILawrence"]
[Black "bgl2011"]
[Result "0-1"]
[ICCResult "White checkmated"]
[WhiteElo "1167"]
[BlackElo "1401"]
[Opening "Four knights: Scotch, 4...exd4"]
[ECO "C47"]
[NIC "KP.06"]
[Time "16:00:42"]
[PlyCount "134"]
[TimeControl "3600+10"]

1. e4 e5 2. Nf3 Nc6 3. Nc3 Nf6 4. d4 exd4 5. Nxd4 Bb4 6. Nxc6 bxc6 7. Bd3
O-O 8. O-O Re8 9. Re1 Bxc3 10. bxc3 h6 11. e5 Nd5 12. Qg4 d6 13. Qg3 Kh8
14. c4 Nf6 15. Bb2 dxe5 16. Rxe5 Rxe5 17. Bxe5 Be6 18. Bxc7 Qe7 19. Bd6 Qd7
20. Be5 Qe7 21. Bxf6 Qxf6 22. Rb1 Qd8 23. Qf3 Qd7 24. Be4 Rc8 25. Rd1 Qc7
26. c5 Qa5 27. Qd3 Qxc5 28. Qg3 Bxa2 29. Qh4 Qg5 30. Qxg5 hxg5 31. h3 Be6
32. Ra1 Rc7 33. Rd1 g6 34. Rd6 c5 35. Rc6 Rxc6 36. Bxc6 Kg7 37. Kh2 Kf6 38.
Kg3 Ke5 39. h4 gxh4+ 40. Kxh4 f6 41. g4 g5+ 42. Kh5 a5 43. c3 Bd5 44. Bb5
Ke6 45. c4 Be4 46. Ba4 Bd3 47. Bb5 Bc2 48. Bc6 a4 49. Bd5+ Ke7 50. f4 gxf4
51. g5 fxg5 52. Kxg5 a3 53. Bg8 a2 54. Bh7 a1=Q 55. Bxc2 f3 56. Be4 f2 57.
Bd3 f1=Q 58. Bxf1 Qxf1 59. Kg4 Kf6 60. Kg3 Ke5 61. Kg4 Qf5+ 62. Kg3 Qf4+
63. Kg2 Qe3 64. Kf1 Qd2 65. Kg1 Kf4 66. Kf1 Kf3 67. Kg1 Qg2# { White
checkmated } 0-1

[Event "ICC tourney 2354 (60 10)"]
[Site "Internet Chess Club"]
[Date "2021.01.31"]
[Round "6"]
[White "che8642"]
[Black "rkanury1"]
[Result "0-1"]
[ICCResult "White checkmated"]
[WhiteElo "1563"]
[BlackElo "1672"]
[Opening "Queen's pawn: Chigorin variation"]
[ECO "D00"]
[NIC "QP.08"]
[Time "16:00:52"]
[PlyCount "94"]
[TimeControl "3600+10"]

1. d4 d5 2. Nc3 e6 3. Bf4 Nf6 4. a3 c6 5. e3 Bd6 6. Bg3 O-O 7. Nf3 Qe7 8.
Bd3 Nbd7 9. Bxd6 Qxd6 10. O-O e5 11. dxe5 Nxe5 12. Nxe5 Qxe5 13. h3 Bf5 14.
Bxf5 Qxf5 15. Qe2 Rfe8 16. Rad1 Rad8 17. Qd3 Qxd3 18. Rxd3 Ne4 19. Rfd1
Nxc3 20. Rxc3 g6 21. Rcd3 Re4 22. Rd4 f5 23. c4 Rxd4 24. Rxd4 Kf7 25. cxd5
Rxd5 26. Rxd5 cxd5 27. Kf1 Ke6 28. Ke2 Ke5 29. Kd3 g5 30. b3 h5 31. Kd2 h4
32. f3 f4 33. b4 b5 34. Kd3 fxe3 35. Kxe3 d4+ 36. Kd3 Kd5 37. Kd2 Kc4 38.
Kc2 d3+ 39. Kd2 Kd4 40. Kd1 Kc3 41. Kc1 d2+ 42. Kd1 Kd3 43. f4 gxf4 44. a4
bxa4 45. b5 a3 46. b6 a2 47. b7 a1=Q# { White checkmated } 0-1

[Event "ICC tourney 2354 (60 10)"]
[Site "Internet Chess Club"]
[Date "2021.01.31"]
[Round "6"]
[White "maxipep88"]
[Black "Morganito"]
[Result "0-1"]
[ICCResult "White resigns"]
[WhiteElo "1553"]
[BlackElo "1805"]
[Opening "QGD semi-Slav: Meran variation"]
[ECO "D47"]
[NIC "SL.09"]
[Time "16:00:56"]
[PlyCount "72"]
[TimeControl "3600+10"]

1. d4 d5 2. c4 c6 3. Nc3 Nf6 4. Nf3 e6 5. e3 Nbd7 6. Bd3 dxc4 7. Bxc4 b5 8.
Bd3 Bd6 9. O-O O-O 10. Qc2 Bb7 11. Rd1 a6 12. e4 e5 13. dxe5 Nxe5 14. Nxe5
Bxe5 15. Bxb5 Bxh2+ 16. Kf1 Qc7 17. Be2 Be5 18. Be3 Bxc3 19. bxc3 Rfe8 20.
f3 Nh5 21. Bc4 Bc8 22. Kg1 Be6 23. Bxe6 Rxe6 24. Rd3 Ng3 25. Qd2 Qe5 26.
Rd1 h6 27. Rd4 Rae8 28. Kf2 Rf6 29. Kg1 Qh5 30. Qd3 Rg6 31. Bf4 Qh1+ 32.
Kf2 Qh4 33. Bxg3 Qxg3+ 34. Ke3 Qg5+ 35. f4 Qxg2 36. Qe2 Qh3+ { White
resigns } 0-1

[Event "ICC tourney 2354 (60 10)"]
[Site "Internet Chess Club"]
[Date "2021.01.31"]
[Round "6"]
[White "ROYCHOI"]
[Black "SalmonEater"]
[Result "0-1"]
[ICCResult "White checkmated"]
[WhiteElo "1417"]
[BlackElo "1932"]
[Opening "Sicilian: Taimanov (Bastrikov) variation"]
[ECO "B47"]
[NIC "SI.40"]
[Time "16:00:20"]
[PlyCount "136"]
[TimeControl "3600+10"]

1. e4 c5 2. Nf3 Nc6 3. d4 cxd4 4. Nxd4 e6 5. Nc3 Qc7 6. Bd3 a6 7. Nxc6 bxc6
8. O-O Bb7 9. Re1 Ne7 10. Qf3 d5 11. e5 Ng6 12. Qg3 Be7 13. Bg5 O-O 14.
Bxe7 Qxe7 15. Ne2 c5 16. c4 dxc4 17. Bxc4 Qc7 18. Nf4 Nxf4 19. Qxf4 Rad8
20. Rad1 Qa5 21. Qe3 Qb4 22. Qc3 a5 23. a3 Qb6 24. h3 Rd4 25. Rd2 Rfd8 26.
Red1 g6 27. f3 Kg7 28. Kf2 Bc6 29. b3 R8d7 30. Ke3 Qc7 31. Rxd4 cxd4+ 32.
Rxd4 Qxe5+ 33. Kd3 Qf5+ 34. Ke3 Qg5+ 35. Kd3 e5 36. Rxd7 Bxd7 37. Bd5 Bf5+
38. Be4 Bxe4+ 39. fxe4 Qd8+ 40. Ke2 Qg5 41. g4 Qf4 42. Qxa5 Qxe4+ 43. Kf2
Qd4+ 44. Ke2 e4 45. Qd2 Qe5 46. Ke3 Qg5+ 47. Ke2 Qb5+ 48. Kf2 Qxb3 49. Qd4+
f6 50. Qd7+ Qf7 51. Qxf7+ Kxf7 52. a4 Ke7 53. a5 Kd7 54. Ke3 f5 55. g5 Kc7
56. a6 Kb6 57. a7 Kxa7 58. h4 Kb6 59. Kf4 Kc5 60. Kg3 Kd4 61. Kf2 e3+ 62.
Ke2 f4 63. Kf3 Ke5 64. Ke2 Ke4 65. Ke1 f3 66. Kf1 e2+ 67. Ke1 Ke3 68. h5
f2# { White checkmated } 0-1

[Event "ICC tourney 2354 (60 10)"]
[Site "Internet Chess Club"]
[Date "2021.01.31"]
[Round "6"]
[White "therealkingkong"]
[Black "DanielA1926"]
[Result "1/2-1/2"]
[ICCResult "Game drawn by mutual agreement"]
[WhiteElo "1570"]
[BlackElo "1771"]
[Opening "Sicilian"]
[ECO "B50"]
[NIC "SI.01"]
[Time "16:00:18"]
[PlyCount "67"]
[TimeControl "3600+10"]

1. e4 c5 2. Nf3 d6 3. d3 Nc6 4. Be3 g6 5. Nbd2 Bg7 6. c3 e5 7. g3 Bg4 8.
Bg2 Nge7 9. O-O Qd7 10. c4 O-O 11. Qa4 Qc7 12. h3 Bd7 13. Qb3 a5 14. a4 Nb4
15. Ne1 f5 16. f4 Qc8 17. Kh2 Nec6 18. Nc2 Nxc2 19. Qxc2 Nd4 20. Bxd4 cxd4
21. fxe5 dxe5 22. Qb3 Bc6 23. c5+ Kh8 24. Nc4 Qe8 25. Nd6 Qd7 26. Rae1 f4
27. g4 Rab8 28. Ra1 b6 29. Nc4 bxc5 30. Qc2 Rb4 31. b3 Ra8 32. Bf3 Qe7 33.
Rfd1 Bf6 34. Kg2 { Game drawn by mutual agreement } 1/2-1/2

[Event "ICC tourney 2354 (60 10)"]
[Site "Internet Chess Club"]
[Date "2021.01.31"]
[Round "6"]
[White "pinkjam82"]
[Black "CommissionerG"]
[Result "1-0"]
[ICCResult "Black checkmated"]
[WhiteElo "1588"]
[BlackElo "1397"]
[Opening "King's Indian: 6.Be2"]
[ECO "E91"]
[NIC "KI.19"]
[Time "16:00:49"]
[PlyCount "75"]
[TimeControl "3600+10"]

1. d4 Nf6 2. c4 g6 3. Nc3 Bg7 4. e4 d6 5. Nf3 O-O 6. Be2 c5 7. d5 a6 8. O-O
e6 9. dxe6 Bxe6 10. Bf4 Ne8 11. e5 Nc6 12. exd6 Nd4 13. Nxd4 Bxd4 14. Ne4
Bf5 15. Bd3 Bxe4 16. Bxe4 Nxd6 17. Bd5 Re8 18. Qf3 Be5 19. Bxe5 Rxe5 20.
Rad1 Rf5 21. Qg3 Kg7 22. Bxb7 Rb8 23. Rxd6 Qe7 24. Bc6 Rxb2 25. Qc3+ Kg8
26. Rd7 Qf6 27. Qxf6 Rxf6 28. Bd5 Rxa2 29. Rc7 Ra5 30. Re1 Ra2 31. f3 Ra5
32. Ree7 Kg7 33. Bxf7 Ra1+ 34. Kf2 Ra2+ 35. Kg3 Kh6 36. Be6 a5 37. Rxh7+
Kg5 38. h4# { Black checkmated } 1-0

[Event "ICC tourney 2354 (60 10)"]
[Site "Internet Chess Club"]
[Date "2021.01.31"]
[Round "6"]
[White "Noahchess328"]
[Black "Franklyn2009"]
[Result "1-0"]
[ICCResult "Black checkmated"]
[WhiteElo "1577"]
[BlackElo "1720"]
[Opening "Sicilian: Smith-Morra gambit"]
[ECO "B21"]
[NIC "SI.47"]
[Time "16:00:24"]
[PlyCount "147"]
[TimeControl "3600+10"]

1. e4 c5 2. d4 cxd4 3. c3 Nf6 4. e5 Nd5 5. Nf3 Nc6 6. cxd4 d6 7. Bc4 dxe5
8. dxe5 Ndb4 9. Qxd8+ Kxd8 10. Na3 e6 11. O-O Be7 12. Rd1+ Ke8 13. Nb5 Rb8
14. a3 Na6 15. Bf4 Nc5 16. b4 Nd7 17. Nbd4 Nxd4 18. Rxd4 Nb6 19. Bb3 Bd7
20. a4 Bc6 21. Ng5 h6 22. Ne4 Rd8 23. Rxd8+ Kxd8 24. Rd1+ Ke8 25. Nd6+ Bxd6
26. Rxd6 Bd5 27. Bxd5 Nxd5 28. Bd2 Ke7 29. Kf1 f6 30. Be3 Nxe3+ 31. fxe3
fxe5 32. Rd2 Rc8 33. Ke2 Rc4 34. Rb2 g5 35. Kd3 Rc1 36. Ke4 Re1 37. Rc2 Kd6
38. Rd2+ Ke7 39. Rb2 a6 40. b5 Ra1 41. Rb4 axb5 42. axb5 Ra2 43. Kf3 h5 44.
h3 Kd6 45. Kg3 Kd5 46. Kf3 h4 47. Rg4 e4+ 48. Rxe4 Rf2+ 49. Kxf2 Kxe4 50.
Ke2 b6 51. Kf2 e5 52. Ke2 Kd5 53. Kf3 Ke6 54. Ke4 Kd6 55. Kf5 Kd5 56. Kxg5
Ke4 57. Kf6 Kxe3 58. Kxe5 Kf2 59. Kf4 Kxg2 60. Kg4 Kf2 61. Kxh4 Ke3 62. Kg5
Kd4 63. h4 Kc5 64. h5 Kxb5 65. h6 Kc4 66. h7 b5 67. h8=Q b4 68. Qb2 Kb5 69.
Kf4 Ka4 70. Ke4 b3 71. Kd5 Kb4 72. Kd4 Ka4 73. Kc5 Ka5 74. Qa3# { Black
checkmated } 1-0